 Dungeon Crawl Stone Soup version 0.23-a0-582-g1b4a0ca (webtiles) character file.

1007 Azzok the Firebug (level 8, 52/52 HPs)
             Began as a Demonspawn Fire Elementalist on Dec 16, 2018.
             Quit the game on level 5 of the Dungeon.
             The game lasted 00:08:29 (6023 turns).

Azzok the Firebug (Demonspawn Fire Elementalist)    Turns: 6023, Time: 00:08:30

Health: 52/52      AC:  3    Str:  8    XL:     8   Next: 0%
Magic:  7/15       EV: 12    Int: 19    God:
Gold:   191        SH:  0    Dex: 14    Spells: 9/17 levels left

rFire    + + .     SeeInvis .   u - +3 hand axe (chop)
rCold    x . .     Gourm    .   (no shield)
rNeg     . . .     Faith    .   a - +0 robe
rPois    .         Spirit   .   (no helmet)
rElec    .         Reflect  .   s - scarf {repulsion}
rCorr    .         Harm     .   l - +0 pair of gloves
MR       .....                  (no boots)
Stlth    ++........             (no amulet)
HPRegen  0.17/turn              d - ring of fire
MPRegen  0.14/turn              (no ring)

@: repel missiles
A: talons 1, demonic guardian 1, fire resistance 1
a: no special abilities


You were on level 5 of the Dungeon.
You were not hungry.

You visited 1 branch of the dungeon, and saw 5 of its levels.

You collected 191 gold pieces.

Inventory:

Hand Weapons
 u - a +3 hand axe of chopping (weapon)
Armour
 a - a +0 robe (worn)
 l - a +0 pair of gloves (worn)
 s - a scarf of repulsion (worn)
Jewellery
 d - a ring of fire (left hand)
Wands
 t - a wand of flame (7)
Scrolls
 f - 3 scrolls of enchant weapon
 j - a scroll of teleportation
 m - 2 scrolls of remove curse
 o - a scroll of identify
 q - a scroll of fog
Potions
 e - 2 potions of curing
 g - 2 potions of agility
 h - 2 potions of brilliance {unknown}
 i - a potion of lignification {unknown}
 k - a potion of haste {unknown}
 n - a potion of degeneration {unknown}
 p - a potion of magic {unknown}
 r - a potion of invisibility {unknown}
 v - 2 potions of flight {unknown}
Comestibles
 b - 3 chunks of flesh
 c - 5 rations


   Skills:
 - Level 1.7 Dodging
 - Level 1.7 Stealth
 + Level 5.2 Spellcasting
 + Level 5.3 Conjurations
 + Level 5.5 Fire Magic


You had 9 spell levels left.
You knew the following spells:

 Your Spells              Type           Power        Failure   Level  Hunger
a - Flame Tongue          Conj/Fire      #####        1%          1    None
b - Conjure Flame         Conj/Fire      #####...     3%          3    ##.....
c - Sticky Flame          Conj/Fire      #####...     13%         4    ####...

Your spell library contained the following spells:

 Spells                   Type           Power        Failure   Level  Hunger
 Throw Flame              Conj/Fire      #####.       1%          2    #......
 Inner Flame              Hex/Fire       ###.....     12%         3    ##.....
 Fireball                 Conj/Fire      #####.....   34%         5    ######.


Dungeon Overview and Level Annotations

Branches:
Dungeon (5/15)
 Temple: D:4-7

Altars:
Ru


Innate Abilities, Weirdness & Mutations

You have sharp toenails.
A weak demonic guardian rushes to your aid.
Your flesh is heat resistant. (rF+)


Message History

The ogre is severely wounded.
The ogre burns!
The ogre barely misses you.
Casting: Flame Tongue (safe; 1% risk of failure)
Confirm with . or Enter, or press ? or * to list all spells.
Aiming: Flame Tongue (safe; 1% risk of failure)
Press: ? - help, Shift-Dir - straight line, f/p - ogre
Aim: an ogre, wielding a +0 giant club (almost dead, covered in liquid flames)
You feel a surge of power!
The flame tongue misses the ogre.
The ogre burns!
The ogre barely misses you.
Casting: Flame Tongue (safe; 1% risk of failure)
Confirm with . or Enter, or press ? or * to list all spells.
Aiming: Flame Tongue (safe; 1% risk of failure)
Press: ? - help, Shift-Dir - straight line, f/p - ogre
Aim: an ogre, wielding a +0 giant club (almost dead, covered in liquid flames)
You feel a surge of power!
The flame tongue hits the ogre.
You kill the ogre!
You have reached level 8!
You feel agile.
Your demonic ancestry asserts itself...
You feel the presence of a demonic guardian.
Are you sure you want to abandon this character and quit the game? (Confirm

▒▒ ·▒ ▒ ▒ ··
·o·▒ ▒·▒·
▒·▒·▒ ▒
▒·▒·▒▒····▒··
····▒·······
▒··▒·[·$▒
▒·▒)·▒····▒
▒···@[··(·▒
▒▒▒▒▒▒·▒·▒▒
··▒ ▒·▒ ·▒ ·▒
▒


There were no monsters in sight!

Vanquished Creatures
  Sigmund (D:3)
  A phantom (D:4)
  2 ogres
  Blork the orc (D:4)
  2 scorpions
  2 bullfrog skeletons (D:4)
  3 orc wizards
  2 orc priests (D:4)
  Jessica (D:2)
  Terence (D:3)
  An iguana (D:4)
  2 worker ants (D:4)
  4 adders
  An ooze (D:1)
  An adder skeleton (D:5)
  4 worms
  3 dart slugs
  3 leopard geckos
  10 orcs
  2 giant cockroaches
  6 goblins
  5 hobgoblins
  5 jackals
  3 quokkas
  3 bats
  7 frilled lizards
  7 kobolds
  11 rats
94 creatures vanquished.

Notes
Turn   | Place    | Note
-------+----------+-------------------------------------------
     0 | D:1      | Azzok the Demonspawn Fire Elementalist began the quest for
                  | the Orb.
     0 | D:1      | Reached XP level 1. HP: 13/13 MP: 3/3
   446 | D:1      | Gained mutation: Your flesh is heat resistant. (rF+)
                  | [demonic ancestry]
   446 | D:1      | Reached XP level 2. HP: 19/19 MP: 1/5
  1223 | D:2      | Reached XP level 3. HP: 24/24 MP: 0/6
  1673 | D:2      | Learned a level 3 spell: Conjure Flame
  2155 | D:2      | Noticed Jessica
  2159 | D:2      | Killed Jessica
  2159 | D:2      | Gained mutation: You have sharp toenails. [demonic
                  | ancestry]
  2159 | D:2      | Reached XP level 4. HP: 30/30 MP: 4/8
  2392 | D:3      | Noticed Terence
  2715 | D:3      | Learned a level 4 spell: Sticky Flame
  3022 | D:3      | Killed Terence
  3176 | D:3      | Noticed Sigmund
  3186 | D:3      | HP: 1/30 [Sigmund/magic dart (11)]
  3624 | D:3      | Killed Sigmund
  3624 | D:3      | Reached XP level 5. HP: 31/35 MP: 0/10
  3624 | D:3      | Reached XP level 6. HP: 36/41 MP: 0/11
  4179 | D:4      | Got a jewelled buckler
  4267 | D:3      | Identified the cursed +0 buckler "Behiypn" {-Cast rCorr
                  | Str+3 Dex+2} (You found it on level 4 of the Dungeon)
  4642 | D:4      | Noticed Blork the orc
  4647 | D:4      | Killed Blork the orc
  4647 | D:4      | Reached XP level 7. HP: 42/46 MP: 6/13
  4703 | D:4      | Found a sacrificial altar of Ru.
  4964 | D:4      | Reached skill level 5 in Fire Magic
  5669 | D:5      | Entered Level 5 of the Dungeon
  5683 | D:4      | Reached skill level 5 in Spellcasting
  5683 | D:4      | Reached skill level 5 in Conjurations
  6022 | D:5      | Gained mutation: A weak demonic guardian rushes to your
                  | aid. [demonic ancestry]
  6022 | D:5      | Reached XP level 8. HP: 52/52 MP: 7/15
  6023 | D:5      | Quit the game

Vault maps used:
D:1:      grunt_arrival_lava_bath
D:2:      hangedman_decor_points, minmay_quadrilaterals, uniq_jessica
D:3:      old_standard_altar, uniq_sigmund, uniq_terence
D:4:      first_ration, enter_ossuary_1, hangedman_abyss_or_decor_stagger,
          chequers_serial_rivers_room_b, nicolae_ru_great_annihilating_truth,
          uniq_blork_the_orc

Skill      XL: |  1  2  3  4  5  6  7 |
---------------+----------------------+-----
Fire Magic     | 3 4 5 |  5.5
Conjurations   | 2 3 4 5 |  5.3
Spellcasting   | 3 4 5 |  5.2
Dodging        | |  1.7
Stealth        | |  1.7

Action                   |  1- 3 |  4- 6 |  7- 9 || total
-------------------------+-------+-------+-------++-------
Melee: Unarmed           |     4 |       |       ||     4
       Hand axe          |       |     9 |       ||     9
       Kick              |       |     2 |       ||     2
 Cast: Flame Tongue      |    73 |    40 |    57 ||   170
       Sticky Flame      |       |     9 |     6 ||    15
  Use: Potion            |       |     2 |       ||     2
       Scroll            |       |     7 |       ||     7
  Eat: Chunk             |     4 |     7 |     5 ||    16
       Ration            |       |     1 |       ||     1
Armor: Robe              |     3 |     4 |     4 ||    11
Dodge: Dodged            |    12 |    30 |    17 ||    59
       Deflected         |       |     1 |     1 ||     2

Table legend:
 A = Non-vault XP
 B = Vault XP
 C = Vault XP percentage of total XP
 D = Non-vault monster count
 E = Vault monster count
 F = Vault count percentage of total count
                 A         B        C        D         E       F
            +---------+---------+-------+---------+---------+-------
      Total |    1010 |     429 |  29.8 |      80 |      14 |  14.9
            +---------+---------+-------+---------+---------+-------
        D:1 |      36 |       0 |   0.0 |      19 |       0 |   0.0
        D:2 |      41 |      51 |  55.4 |      16 |       7 |  30.4
        D:3 |      93 |     244 |  72.4 |       9 |       2 |  18.2
        D:4 |     676 |     134 |  16.5 |      31 |       5 |  13.9
        D:5 |     164 |       0 |   0.0 |       5 |       0 |   0.0
            +---------+---------+-------+---------+---------+-------
